 Dungeon Crawl Stone Soup version bcrawl-1.40.2 (webtiles) character file.

Game seed: 3110258405264849755

6903456 Mehrunes the Fencer (level 18, -17/144 HPs)
             Began as a High Elf Skald on Nov 4, 2023.
             Was the Champion of Okawaru.
             Demolished by Agnes
             ... wielding a +1 lajatang of venom
              (20 damage)
             ... on level 2 of the Elven Halls.
             The game lasted 02:02:10 (41536 turns).

Mehrunes the Fencer (High Elf Skald)               Turns: 41536, Time: 02:02:11

Health: -17/144    AC: 29    Str: 23    XL:     18   Next: 26%
Magic:  41/41      EV: 19    Int: 24    God:    Okawaru [******]
Gold:   1618       SH:  7    Dex: 19    Spells: 17/36 levels left

rFire    + + .     GDR:     39% a - +7 captain's cutlass {speed, disarm}
rCold    . . .     SeeInvis +   (no shield)
rNeg     + + +     Gourm    .   f - +6 chain mail "Enote" {rElec rF++ rCorr}
rPois    .         Faith    .   Y - +1 helmet {SInv}
rElec    +         Spirit   .   K - +2 ratskin cloak {+Rats rN+}
rCorr    +         Reflect  .   k - +0 pair of gloves {Str+3}
MR       ++...                  D - +1 pair of boots {Stlth++}
Stlth    ..........             d - amulet of magic regeneration
HPRegen  1.34/turn              W - ring "Boky" {rN++ MR+ MP+9 Str+4 Stlth-}
MPRegen  0.65/turn              J - ring of wizardry

@: about to teleport, very slightly contaminated, regenerating
A: obsessive focus, MP-powered wands
}: 1/15 runes: serpentine
a: Heroism, Finesse, Renounce Religion, Evoke Ratskin


You were on level 2 of the Elven Halls.
You worshipped Okawaru.
Okawaru was exalted by your worship.
You were very hungry.

You visited 8 branches of the dungeon, and saw 29 of its levels.

You collected 3182 gold pieces.
You spent 1564 gold pieces at shops.

Inventory:

Hand Weapons
 a - the +7 captain's cutlass (weapon) {speed, disarm}
   (You acquired it on level 5 of the Lair of Beasts)

   Attacks with this weapon are significantly faster.
 b - the +2 hand crossbow of Fuenuif {penet, rF++ Dex+4}
   (You found it on level 2 of the Snake Pit)

   Ammo fired by it will pass through the targets it hits, potentially hitting
   all targets in its path until it reaches its maximum range.
   It affects your dexterity (+4).
   It greatly protects you from fire.
 i - the +2 triple sword of the Wilderness {freeze, rF++ Str+6 SInv}
   (Okawaru gifted it to you on level 3 of the Snake Pit)

   It has been specially enchanted to freeze those struck by it, increasing
   damage dealt by approximately one third against foes not resistant or
   susceptible to cold, and potentially slowing cold-blooded foes.
   It affects your strength (+6).
   It greatly protects you from fire.
   It lets you see invisible.
Missiles
 o - 2550 bolts
 H - 9 throwing nets {=f}
Armour
 f - the +6 chain mail "Enote" (worn) {rElec rF++ rCorr}
   (You found it on level 9 of the Dungeon)

   It greatly protects you from fire.
   It insulates you from electricity.
   It provides partial protection from all sources of acid and corrosion.
 k - a +0 pair of gloves of strength (worn)
 D - a +1 pair of boots of stealth (worn)
 E - a scarf of clouds
 K - the +2 ratskin cloak (worn) {+Rats rN+}
   (You found it on level 6 of the Lair of Beasts)

   It protects you from negative energy.
 Y - a +1 helmet of see invisible (worn)
Jewellery
 c - an uncursed ring of poison resistance
 d - an amulet of magic regeneration (around neck)
 n - an uncursed amulet of the gourmand
 v - an uncursed amulet of regeneration
 J - a ring of wizardry (right hand)
 P - the ring of Eternal Harmony {rElec Str+3 Dex-4 Stlth--}
   (You took it off a kobold on level 12 of the Dungeon)

   [ring of attention]

   It affects your strength (+3).
   It affects your dexterity (-4).
   It insulates you from electricity.
   It makes you much less stealthy.
 S - a +6 ring of dexterity
 W - the ring "Boky" (left hand) {rN++ MR+ MP+9 Str+4 Stlth-}
   (You bought it in a shop on level 1 of the Snake Pit)

   [ring of magical power]

   It affects your strength (+4).
   It greatly protects you from negative energy.
   It affects your resistance to hostile enchantments.
   It affects your magic capacity (+9).
   It makes you less stealthy.
Wands
 q - a wand of clouds (12)
 y - a wand of scattershot (4)
 R - a wand of acid (25)
Scrolls
 h - 2 scrolls of fog
 j - 4 scrolls of teleportation
 l - 4 scrolls of vulnerability
 p - 3 scrolls of enchant weapon
 r - 12 scrolls of remove curse
 u - 6 scrolls of amnesia
 X - a scroll of enchant armour
Potions
 g - 3 potions of agility
 m - 4 potions of mutation
 t - a potion of magic
 C - a potion of resistance
 G - 3 potions of might
 L - 3 potions of ambrosia
 M - 3 potions of haste
 O - a potion of cancellation
 Q - a potion of berserk rage
 T - 5 potions of curing
 U - a potion of invisibility
 V - 4 potions of flight
 Z - 3 potions of brilliance
Miscellaneous
 s - a lamp of fire
 x - a lightning rod (4/4)
 z - a phial of floods
 B - a fan of gales (2/2)
 I - a sack of spiders
Comestibles
 e - 30 rations {!d}


   Skills:
 + Level 13.6 Fighting
 + Level 19.3 Long Blades
 + Level 13.6 Armour
 + Level 14.8 Dodging
 + Level 9.9 Spellcasting
 + Level 14.9 Charms
 - Level 8.0 Invocations


You had 17 spell levels left.
You knew the following spells:

 Your Spells              Type           Power        Failure   Level  Hunger
a - Infusion              Chrm           ######..     1%          1    None
b - Song of Slaying       Chrm           ######..     1%          2    None
c - Spectral Weapon       Hex/Chrm       #####...     1%          3    None
d - Ozocubu's Armour      Chrm/Ice       #####...     1%          3    None
e - Regeneration          Chrm/Necr      #####.....   1%          3    None
f - Swiftness             Chrm/Air       #####...     1%          2    None
g - Steam Barrier         Chrm/Fire      #####.....   13%         5    ####...

Your spell library contained the following spells:

 Spells                   Type           Power        Failure   Level  Hunger
 Corona                   Hex            ##.....      11%         1    None
 Flame Tongue             Conj/Fire      ##...        11%         1    None
 Freeze                   Ice            ##....       11%         1    None
 Magic Dart               Conj           ##..         11%         1    None
 Slow                     Hex            ##......     11%         1    None
 Static Discharge         Air            ##....       11%         1    None
 Sting                    Conj/Pois      ##..         11%         1    None
 Throw Frost              Conj/Ice       ##....       11%         2    None
 Corpse Rot               Necr           N/A          16%         2    None
 Ensorcelled Hibernation  Hex/Ice        ##....       16%         2    None
 Searing Ray              Conj           ##......     16%         2    None
 Shackle                  Hex            ##......     16%         2    None
 Shock                    Conj/Air       ##.....      16%         2    None
 Sublimation of Blood     Necr           ##........   16%         2    None
 Call Canine Familiar     Summ           ##......     28%         3    None
 Confuse                  Hex            ##......     28%         3    None
 Dazzling Orbs            Conj/Hex       ##.....      28%         3    None
 False Image              Hex/Summ       ##......     28%         3    None
 Ignite Poison            Fire/Tmut/Pois ##......     28%         3    None
 Inner Flame              Hex/Fire       N/A          28%         3    None
 Iskenderun's Mystic Bla  Conj           ##......     28%         3    None
 Mephitic Cloud           Conj/Pois/Air  ##......     28%         3    None
 Tukima's Dance           Hex            ##......     28%         3    None
 Agony                    Necr           ##......     65%         4    #......
 Cause Fear               Hex            ##........   65%         4    #......
 Fulminant Prism          Conj/Hex       ##........   65%         4    #......
 Lightning Bolt           Conj/Air       ##......     65%         4    #......
 Petrify                  Tmut/Erth      ##........   65%         4    #......
 Sticky Flame             Conj/Fire      ##......     65%         4    #......
 Summon Ice Beast         Ice/Summ       ##......     65%         4    #......
 Throw Icicle             Conj/Ice       ##......     65%         4    #......
 Yara's Violent Unravell  Hex/Tmut       ##........   65%         4    #......
 Bolt of Draining         Conj/Necr      ##........   93%         5    ####...
 Bolt of Magma            Conj/Fire/Erth ##........   93%         5    ####...
 Fireball                 Conj/Fire      ##........   93%         5    ####...
 Freezing Cloud           Ice/Air        ##......     93%         5    ####...
 Irradiate                Conj/Tmut      ##........   93%         5    ####...
 Summon Lightning Spire   Summ/Air       ##......     93%         5    ####...
 Summon Mana Viper        Hex/Summ       ##......     93%         5    ####...
 Bolt of Fire             Conj/Fire      ##........   100%        6    #####..
 Borgnjor's Vile Clutch   Necr/Erth      ##........   100%        6    #####..
 Conjure Ball Lightning   Conj/Air       ##........   100%        6    #####..
 Ozocubu's Refrigeration  Ice            ##........   100%        6    #####..
 Summon Hydra             Summ           ##........   100%        6    #####..
 Virulence                Hex/Pois       ##......     100%        6    #####..
 Monstrous Menagerie      Summ           ##........   100%        7    ######.
 Scorpion Form            Tmut/Pois      ##........   100%        7    ######.
 Chain Lightning          Conj/Air       ##........   100%        8    #######
 Ignition                 Hex/Fire       ##........   100%        8    #######


Dungeon Overview and Level Annotations

Branches:
Dungeon (12/12)            Temple (1/1) D:6            Lair (6/6) D:7
 Shoals (3/3) Lair:4        Snake (3/3) Lair:3        Slime (0/5) Orc
    Orc (1/1) D:10            Elf (2/3) Lair:6       Vaults (0/3) D:12
 Depths (1/5) D:12

Altars:
Ashenzari
Cheibriados
Dithmenos
Elyvilon
Fedhas
Gozag
Hepliaklqana
Kikubaaqudgha
Lugonu
Makhleb
Nemelex Xobeh
Okawaru
Qazlal
Ru
Sif Muna
Trog
Uskayaw
Vehumet
Wu Jian
Xom
Yredelemnul
Zin
The Shining One
Jiyva

Shops:
D:9 %   Orc *?(:*   Elf:2 [   Snake:1 ==}   Snake:3 **

Portals:
Ziggurat: Depths:1

Annotations:
D:3 Sigmund
D:6 2 runed translucent doors, spanner's ghost, novice SpEn
D:9 2 runed doors
Lair:2 exclusion: oklob plant
Snake:2 3 runed translucent doors, Giolali's ghost, adept FrFE; Piesm's ghost, adept HOAK; Sokuv's ghost, adept VSCj; Xitaol's ghost, adept SpEn
Snake:3 3 runed translucent doors, Morbidden's ghost, adept FrCj
Elf:2 Agnes


Innate Abilities, Weirdness & Mutations

You can't train low skills.
You expend magic power (3 MP) to strengthen your wands.


Message History

You hear a bellow!
You hear a shout! x2; You hear a bark! x2
You hear a shout!
You hear a roar!
You hear an angry hiss.
You hear a roar!
You hear a screech!
You hear a roar!
You hear a deafening roar!
You hear a roar!
You hear a deafening roar!
You hear a shout!
Items here: ))) [[ ††† Blink to where?
Press: ? - help, Dir - move target cursor You are very lightly contaminated with residual magic.
As you read the scroll of blinking, it crumbles to dust.
A hell hound, a deep elf knight and a deep elf demonologist come into view.
The hell hound barks!
The catoblepas bellows!
Agnes shouts!
The deep elf demonologist shouts!
A sphinx comes into view.
You block the catoblepas's attack.
Okay, then.
As you read the scroll of teleportation, it crumbles to dust.
You feel strangely unstable. You block Agnes's attack.
The catoblepas closely misses you.
Agnes hits you with a +1 lajatang of venom!!
You die...

.##.##...#...#)# ...
.'..?'...'.#e#)#...e..
.##.##...#...#)#.....(
#'#..#.#.##≈(#E.....
.......#. #.De.(..⌠.
#...#.###. #.e.e#####
......# .......E#
###'#### #..###.D####
... ...# #.@Y..# ####
###i..# ....# ..H##
...'# #####
#'##h###...###
.###H.......###
.##........)..#
#...........#


You could see Agnes, a fire dragon, a sphinx, a catoblepas, a four-headed hydra,
a deep elf demonologist, a manticore, a deep elf knight, 2 earth elementals, 2
deep elf magi, a hell hound and 2 dancing weapons.

Vanquished Creatures
  Gastronok (Lair:2)
  Nikola (Shoals:2)
  Frances (Lair:4)
  Asterion (Snake:2)
  Polyphemus (Shoals:2)
  A sphinx (shapeshifter) (Snake:3)
  Kirke (Shoals:1)
  Ilsuiw (Shoals:2)
  Louise (D:12)
  2 deep elf sorcerers
  Aizul (Shoals:1)
  A deep elf demonologist (Elf:1)
  A deep elf death mage (Elf:1)
  A merfolk javelineer (Shoals:1)
  4 merfolk impalers
  6 naga warriors
  4 fire dragons
  Urug (Lair:2)
  2 rakshasas
  Harold (D:8)
  A vault guard (D:12)
  A catoblepas (Shoals:2)
  7 hydras
  An ice dragon (D:12)
  2 merfolk avatars (Shoals:2)
  2 ogre magi (D:9)
  An alligator snapping turtle (Shoals:1)
  4 anacondas
  2 death knights (D:11)
  12 dancing weapons
  4 two-headed ogres
  A tengu warrior (D:11)
  7 death yaks
  A satyr (Shoals:1)
  5 sea snakes
  5 orc high priests (Orc)
  10 deep elf knights
  21 naga sharpshooters
  9 shock serpents
  2 salamander mystics (Snake:3)
  Nergalle (D:9)
  8 centaur warriors
  A goliath frog (Lair:6)
  A skeletal warrior (D:9)
  7 deep elf archers
  6 orc knights (Orc)
  4 necromancers (D:12)
  2 wizards (D:12)
  8 naga ritualists
  10 harpies
  Pikel (D:7)
  4 mana vipers
  2 ugly things
  11 naga magi
  13 fauns
  38 deep elf magi
  4 manticores
  A moth of wrath (Lair:4)
  6 salamanders (Snake:3)
  2 guardian serpents
  5 merfolk sirens
  2 water nymphs
  2 elephants (Lair:4)
  A gargoyle (D:11)
  20 black mambas
  A torpor snail (Lair:6)
  26 cane toads
  A rime drake (shapeshifter) (Snake:3)
  A kobold demonologist (D:9)
  A freezing wraith (D:9)
  A jumping spider (shapeshifter) (Snake:3)
  A rime drake (Lair:6)
  7 komodo dragons
  A komodo dragon (shapeshifter) (D:11)
  Maurice (D:8)
  An eye of draining (D:8)
  A harpy zombie (D:10)
  3 tengu conjurers
  3 meliai (D:12)
  2 trolls
  A queen bee (shapeshifter) (Depths:1)
  2 polar bears (Lair:5)
  4 tyrant leeches (Lair:6)
  3 harpy skeletons
  2 hornets
  15 merfolk
  A wind drake (Shoals:2)
  A slime creature (shapeshifter) (Snake:3)
  2 slime creatures (Depths:1)
  30 blink frogs
  4 snapping turtles
  2 meliai zombies
  17 hippogriffs
  Grum (D:9)
  11 dream sheep
  5 air elementals
  A hog (shapeshifter) (Snake:3)
  3 water elementals (Elf:1)
  2 wraiths (D:9)
  3 wyverns
  A fire elemental (Elf:2)
  35 yaks
  4 hogs (Shoals:1)
  19 humans (D:12)
  2 hungry ghosts
  A fire bat (shapeshifter) (Snake:3)
  A steam dragon (shapeshifter) (Snake:3)
  6 vampire mosquitoes (Lair:6)
  A steam dragon (D:10)
  5 wargs
  14 crocodiles
  An acid dragon (D:12)
  17 nagas
  A hell hound (Elf:2)
  8 porcupines
  6 sky beasts
  3 slaves (D:7)
  8 water moccasins
  4 ice beasts
  23 orc warriors
  11 ogres
  3 wolves (D:9)
  15 bullfrogs
  3 kobold brigands
  A gnoll sergeant (D:10)
  Blork the orc (D:5)
  An earth elemental (Elf:2)
  3 wyvern skeletons
  7 centaurs
  4 scorpions
  2 water moccasin skeletons
  13 killer bees
  2 electric eels
  34 orc priests
  5 crimson imps
  2 jellies
  2 hounds
  3 bullfrog skeletons
  3 iguanas
  22 orc wizards
  A hell rat (D:8)
  9 worker ants
  A killer bee zombie (D:7)
  A hound skeleton (D:6)
  6 gnolls
  A howler monkey skeleton (D:10)
  15 adders
  6 river rats (D:8)
  5 shadow imps
  A white imp (D:4)
  2 oozes
  2 adder zombies
  An adder skeleton (D:8)
  4 worms
  A dart slug (shapeshifter) (Snake:3)
  3 dart slugs
  2 leopard geckos
  85 orcs
  4 giant cockroaches
  2 goblins
  10 hobgoblins
  12 jackals
  11 quokkas
  A ball python (D:5)
  3 bats (D:1)
  6 frilled lizards
  21 kobolds
  26 rats
  4 fungi (Lair:5)
  14 plants
1009 creatures vanquished.

Vanquished Creatures (others)
  A human (Shoals:1)
  13 fungi
  45 plants
  14 spectral weapons
  2 withered plants (Snake:2)
75 creatures vanquished.

Grand Total: 1084 creatures vanquished

Notes
Turn   | Place    | Note
-------+----------+-------------------------------------------
     0 | D:1      | Mehrunes the High Elf Skald began the quest for the Orb.
     0 | D:1      | Reached XP level 1. HP: 16/16 MP: 4/4
   157 | D:1      | Reached XP level 2. HP: 19/22 MP: 4/6
   275 | D:1      | Learned a level 2 spell: Song of Slaying
   513 | D:1      | Reached skill level 3 in Long Blades
  1032 | D:1      | Reached XP level 3. HP: 28/28 MP: 4/7
  1044 | D:2      | Learned a level 3 spell: Spectral Weapon
  1813 | D:2      | Reached XP level 4. HP: 34/34 MP: 4/8
  1937 | D:2      | Found a blossoming altar of Fedhas.
  2216 | D:3      | Reached skill level 4 in Long Blades
  2364 | D:3      | Reached XP level 5. HP: 35/39 MP: 6/9
  2401 | D:3      | Found a faded altar of an unknown god.
  2534 | D:3      | Found a blossoming altar of Fedhas.
  2557 | D:3      | Found an opulent altar of Gozag.
  2905 | D:3      | Noticed Sigmund
  3166 | D:4      | Reached XP level 6. HP: 41/47 MP: 7/10
  3242 | D:4      | Reached skill level 5 in Long Blades
  3729 | D:4      | Reached XP level 7. HP: 48/52 MP: 6/11
  4262 | D:5      | Entered Level 5 of the Dungeon
  4267 | D:5      | Learned a level 3 spell: Ozocubu's Armour
  4491 | D:5      | Reached skill level 6 in Long Blades
  4779 | D:5      | Reached skill level 5 in Charms
  5112 | D:5      | Noticed Blork the orc
  5123 | D:5      | Killed Blork the orc
  5437 | D:6      | Found a runed translucent door.
  5443 | D:6      | Noticed spanner's ghost (novice SpEn)
  5457 | D:6      | Reached skill level 7 in Long Blades
  5457 | D:6      | Reached XP level 8. HP: 58/60 MP: 6/12
  5737 | D:6      | Reached skill level 5 in Dodging
  5808 | D:6      | Found a glowing golden altar of the Shining One.
  5868 | D:6      | Got a fine robe
  5904 | D:6      | Found a staircase to the Ecumenical Temple.
  5926 | Temple   | Entered the Ecumenical Temple
  6107 | D:6      | Found a runed translucent door.
  6184 | D:6      | Reached skill level 8 in Long Blades
  6552 | D:7      | Reached skill level 5 in Fighting
  6735 | D:7      | Got a faintly humming leather armour
  6746 | D:7      | Identified the +1 leather armour of the Spriggan Forest
                  | {+Blink rPois rCorr Int+7 Dex-3} (You found it on level 7
                  | of the Dungeon)
  6973 | D:7      | Reached XP level 9. HP: 53/68 MP: 9/13
  7127 | D:7      | Reached skill level 9 in Long Blades
  7127 | D:7      | Reached skill level 5 in Armour
  7394 | D:7      | Found a shimmering blue altar of Sif Muna.
  7497 | D:7      | Found a staircase to the Lair.
  7802 | D:7      | Found a shadowy altar of Dithmenos.
  8068 | D:7      | Noticed Pikel
  8110 | D:7      | Found an iron altar of Okawaru.
  8117 | D:7      | Became a worshipper of Warmaster Okawaru
  8144 | D:7      | Killed Pikel
  8145 | D:7      | Reached skill level 10 in Long Blades
  8317 | D:7      | Noticed a two-headed ogre
  8335 | D:7      | Killed a two-headed ogre
  8335 | D:7      | Reached * piety under Okawaru
  8336 | D:7      | Reached XP level 10. HP: 49/77 MP: 0/14
  8554 | D:8      | Noticed Maurice
  8577 | D:8      | Killed Maurice
  8782 | D:8      | Reached skill level 1 in Invocations
  9107 | D:8      | Found a bloodstained altar of Trog.
  9131 | D:8      | Reached skill level 11 in Long Blades
  9158 | D:8      | Reached ** piety under Okawaru
  9159 | D:8      | Found a shattered altar of Ashenzari.
  9652 | D:8      | Found an ancient bone altar of Kikubaaqudgha.
 10018 | D:8      | Noticed Harold
 10045 | D:8      | Killed Harold
 10045 | D:8      | Reached *** piety under Okawaru
 10046 | D:8      | Reached XP level 11. HP: 29/84 MP: 12/15
 10205 | D:8      | Found a glowing golden altar of the Shining One.
 10264 | D:9      | Noticed a two-headed ogre
 10529 | D:9      | Noticed an ice dragon
 10530 | D:9      | Found a runed door.
 10530 | D:9      | Noticed a fire dragon
 10530 | D:9      | Noticed an ice dragon
 10530 | D:9      | Noticed a fire dragon
 10532 | D:9      | Found the +2 shield of Resistance {rF+ rC+ MR+}
 10546 | D:9      | Found a runed door.
 10579 | D:9      | Found Doataagh's Food Shop.
 10677 | D:9      | Reached skill level 12 in Long Blades
 10720 | D:9      | Got a scorched chain mail
 10750 | D:9      | Killed a two-headed ogre
 10750 | D:9      | Reached **** piety under Okawaru
 10955 | D:9      | Noticed a two-headed ogre
 11358 | Lair:1   | Entered Level 1 of the Lair of Beasts
 11788 | Lair:1   | Got a pearl-encrusted scale mail
 11799 | Lair:1   | Identified the +2 scale mail "Maadoqez" {MR+} (You found it
                  | on level 1 of the Lair of Beasts)
 12131 | Lair:2   | Noticed Gastronok
 12155 | Lair:2   | Killed Gastronok
 12155 | Lair:2   | Reached ***** piety under Okawaru
 12156 | Lair:2   | Reached skill level 5 in Invocations
 12411 | Lair:2   | Noticed Urug
 12414 | Lair:2   | Reached skill level 13 in Long Blades
 12416 | Lair:2   | Reached XP level 12. HP: 76/92 MP: 0/16
 12638 | Lair:2   | Killed Urug
 13136 | Lair:2   | Received a gift from Okawaru
 13354 | Lair:2   | Got a crystal war axe
 13355 | Lair:2   | Identified the +4 war axe of the Skies Above {freeze, rElec
                  | MR- Str+3} (You found it on level 2 of the Lair of Beasts)
 14002 | Lair:3   | Identified the Grimoire of the Glacier
 14075 | Lair:3   | Noticed a four-headed hydra
 14187 | Lair:3   | Noticed a five-headed hydra
 14200 | Lair:3   | Killed a one-headed hydra
 14245 | Lair:3   | Found a staircase to the Snake Pit.
 14378 | Lair:3   | Killed a one-headed hydra
 15056 | Lair:4   | Found a runed door.
 15147 | Lair:4   | Reached skill level 14 in Long Blades
 15151 | Lair:4   | Noticed a four-headed hydra
 15152 | Lair:4   | Reached skill level 10 in Charms
 15167 | Lair:4   | Killed a one-headed hydra
 15592 | Lair:4   | Found a staircase to the Shoals.
 15611 | Lair:4   | Received a gift from Okawaru
 15612 | Lair:4   | Reached skill level 10 in Dodging
 15687 | Lair:4   | Reached XP level 13. HP: 92/101 MP: 12/20
 17086 | Lair:6   | Entered Level 6 of the Lair of Beasts
 17107 | Lair:6   | Received a gift from Okawaru
 17109 | Lair:6   | Reached skill level 5 in Spellcasting
 17138 | Lair:6   | Reached skill level 15 in Long Blades
 17572 | Lair:5   | Identified a scroll of acquirement
 17572 | Lair:5   | Identified the +2 pair of boots of Loss {rC+ rCorr} (You
                  | acquired it on level 5 of the Lair of Beasts)
 17572 | Lair:5   | Identified the ring "Xybeowot" {*Contam rN++ Int+4 Dex+3
                  | Stlth+} (You acquired it on level 5 of the Lair of Beasts)
 17572 | Lair:5   | Identified the Incunabulum of Enthralling Changing (You
                  | acquired it on level 5 of the Lair of Beasts)
 17573 | Lair:5   | Found the +7 captain's cutlass {speed, disarm}
 17582 | Lair:5   | Learned a level 3 spell: Regeneration
 17585 | Lair:5   | Learned a level 2 spell: Swiftness
 17979 | Lair:6   | Found a blossoming altar of Fedhas.
 18099 | Lair:6   | Reached ****** piety under Okawaru
 18293 | Lair:6   | Reached XP level 14. HP: 88/109 MP: 9/22
 18498 | Lair:6   | Reached skill level 10 in Fighting
 18560 | Lair:6   | Received a gift from Okawaru
 18636 | Lair:6   | Reached skill level 10 in Armour
 18713 | Lair:6   | Found a staircase to the Elven Halls.
 19220 | Lair:6   | Found the +2 ratskin cloak {+Rats rN+}
 19840 | D:9      | Noticed Nergalle
 20122 | D:9      | Reached skill level 16 in Long Blades
 20124 | D:9      | Found a snail-covered altar of Cheibriados.
 20393 | D:9      | Killed Nergalle
 20586 | D:9      | Found a sacrificial altar of Ru.
 20788 | D:9      | Noticed Grum
 20804 | D:9      | Killed Grum
 21263 | D:10     | Entered Level 10 of the Dungeon
 21373 | D:10     | Found a staircase to the Orcish Mines.
 21728 | D:10     | Found a shadowy altar of Dithmenos.
 22625 | D:11     | Received a gift from Okawaru
 23476 | D:12     | Entered Level 12 of the Dungeon
 23484 | D:12     | Identified the ring of Eternal Harmony {rElec Str+3 Dex-4
                  | Stlth--}
 23627 | D:12     | Noticed Louise
 23646 | D:12     | Killed Louise
 23647 | D:12     | Reached skill level 17 in Long Blades
 23647 | D:12     | Reached XP level 15. HP: 42/117 MP: 1/23
 23904 | D:12     | Identified the +6 chain mail "Enote" {rElec rF++ rCorr}
                  | (You found it on level 9 of the Dungeon)
 24755 | D:12     | Found a staircase to the Depths.
 24889 | D:12     | Found a gate to the Vaults.
 25246 | Orc      | Entered the Orcish Mines
 25452 | Orc      | Found Uhem's Assorted Antiques.
 25528 | Orc      | Found a viscous altar of Jiyva.
 25528 | Orc      | Found a staircase to the Slime Pits.
 26476 | Orc      | Received a gift from Okawaru
 26620 | Orc      | Found Xome's Antique Weapon Emporium.
 26620 | Orc      | Found Jas Ulem's Magic Scroll Emporium.
 26621 | Orc      | Found Juotteha's General Store.
 26621 | Orc      | Found Boriw's Book Shoppe.
 26634 | Orc      | Bought a scroll of teleportation for 45 gold pieces
 26634 | Orc      | Bought a scroll of identify for 30 gold pieces
 26634 | Orc      | Bought a scroll of blinking for 112 gold pieces
 26634 | Orc      | Bought a scroll of teleportation for 45 gold pieces
 26641 | Orc      | Bought a scroll of blinking for 90 gold pieces
 26870 | Snake:1  | Entered Level 1 of the Snake Pit
 27398 | Snake:1  | Received a gift from Okawaru
 27401 | Snake:1  | Got a ripped robe {god gift}
 27524 | Snake:1  | Identified the +2 robe of the Kraken {rElec Str+5 Dex-2}
                  | (Okawaru gifted it to you on level 1 of the Snake Pit)
 27944 | Snake:1  | Found Fuih's Gadget Shoppe.
 27945 | Snake:1  | Found Wytur's Jewellery Boutique.
 27945 | Snake:1  | Found Syw Poqa's Jewellery Boutique.
 27951 | Snake:1  | Bought the ring "Boky" {rN++ MR+ MP+9 Str+4 Stlth-} for 902
                  | gold pieces
 27953 | Snake:1  | Bought an uncursed ring of poison resistance for 340 gold
                  | pieces
 28766 | Snake:2  | Got an ivory hand crossbow
 28776 | Snake:1  | Identified the cursed +2 hand crossbow of Fuenuif {penet,
                  | rF++ Dex+4} (You found it on level 2 of the Snake Pit)
 28962 | Snake:2  | Found a burning altar of Makhleb.
 28977 | Snake:2  | Noticed Asterion
 29293 | Snake:2  | Reached XP level 16. HP: 89/127 MP: 25/25
 29941 | Snake:2  | Killed Asterion
 29942 | Snake:2  | Found a runed translucent gate.
 29942 | Snake:2  | Found a runed translucent gate.
 29942 | Snake:2  | Found a runed translucent gate.
 30172 | Snake:2  | Noticed Xitaol's ghost (adept SpEn)
 30173 | Snake:2  | Noticed Piesm's ghost (adept HOAK)
 30173 | Snake:2  | Noticed Sokuv's ghost (adept VSCj)
 30174 | Snake:2  | Noticed Giolali's ghost (adept FrFE)
 31316 | Snake:3  | Entered Level 3 of the Snake Pit
 31323 | Snake:3  | Received a gift from Okawaru
 31329 | Snake:3  | Got a crystal triple sword {god gift}
 31330 | Snake:3  | Identified the +2 triple sword of the Wilderness {freeze,
                  | rF++ Str+6 SInv} (Okawaru gifted it to you on level 3 of
                  | the Snake Pit)
 31845 | Snake:3  | Found a runed translucent gate.
 31846 | Snake:3  | Found a runed translucent gate.
 31847 | Snake:3  | Found a runed translucent gate.
 31848 | Snake:3  | Noticed Morbidden's ghost (adept FrCj)
 31998 | Snake:3  | Reached skill level 18 in Long Blades
 32339 | Snake:3  | Found Wietymol's Assorted Antiques.
 32341 | Snake:3  | Found Vetituts's Assorted Antiques.
 32632 | Snake:3  | Received a gift from Okawaru
 32762 | Snake:3  | Found a shimmering altar of Xom.
 32763 | Snake:3  | Found a shimmering altar of Xom.
 33176 | Snake:3  | Noticed a shadow dragon
 33181 | Snake:3  | a shadow dragon changed into an alligator snapping turtle
 33187 | Snake:3  | Noticed a quicksilver dragon
 33187 | Snake:3  | an alligator snapping turtle changed into a quicksilver
                  | dragon
 33192 | Snake:3  | a quicksilver dragon changed into a fire giant
 33194 | Snake:3  | Noticed a sphinx
 33194 | Snake:3  | a fire giant changed into a sphinx
 33196 | Snake:3  | Killed a sphinx
 33566 | Snake:3  | Found a shimmering altar of Xom.
 33566 | Snake:3  | Found a shimmering altar of Xom.
 33566 | Snake:3  | Found a shimmering altar of Xom.
 33573 | Snake:3  | Found a shimmering altar of Xom.
 33578 | Snake:3  | Found a shimmering altar of Xom.
 33580 | Snake:3  | Got a serpentine rune of Zot
 34080 | Shoals:1 | Entered Level 1 of the Shoals
 34705 | Shoals:1 | Noticed Frances
 34978 | Lair:4   | Killed Frances
 35074 | Shoals:1 | Noticed Aizul
 35094 | Shoals:1 | Killed Aizul
 35342 | Shoals:1 | Reached XP level 17. HP: 113/135 MP: 29/29
 35565 | Shoals:1 | Noticed Kirke
 35854 | Shoals:1 | Killed Kirke
 35854 | Shoals:1 | Received a gift from Okawaru
 36874 | Shoals:2 | Noticed Nikola
 36955 | Shoals:2 | Killed Nikola
 37022 | Shoals:2 | Noticed Polyphemus
 37728 | Shoals:2 | Noticed Ilsuiw
 37899 | Shoals:2 | Killed Polyphemus
 37920 | Shoals:2 | Killed Ilsuiw
 38342 | Shoals:3 | Entered Level 3 of the Shoals
 38921 | Depths:1 | Entered Level 1 of the Depths
 39097 | Depths:1 | Found a gateway to a ziggurat.
 39105 | Depths:1 | Noticed a rockslime
 39437 | Elf:1    | Entered Level 1 of the Elven Halls
 39480 | Elf:1    | Received a gift from Okawaru
 39727 | Elf:1    | Reached skill level 19 in Long Blades
 40141 | Elf:1    | Received a gift from Okawaru
 40411 | Elf:1    | Learned a level 5 spell: Steam Barrier
 40517 | Elf:1    | Reached XP level 18. HP: 121/144 MP: 32/32
 40865 | Elf:2    | Found Yduuqedoov's Armour Boutique.
 40872 | Elf:2    | Noticed Agnes
 41437 | Elf:2    | Identified Ekkei's Papyrus of Conjuration
 41534 | Elf:2    | HP: 1/144 [+4 vampiric glaive (26)]
 41536 | Elf:2    | Demolished by Agnes

Skill      XL: |  1  2  3  4  5  6  7  8  9 10 11 12 13 14 15 16 17 |
---------------+----------------------------------------------------+-----
Long Blades    | 3 4 5 7 8 10 11 13 14 15 17 18 19 | 19.3
Armour         | 2 3 4 6 7 8 9 10 11 12 13 | 13.6
Dodging        | 3 4 5 6 7 9 10 11 12 13 14 | 14.8
Charms         | 4 5 6 7 8 9 10 11 12 13 14 | 14.9
Fighting       | 3 4 5 6 7 8 9 10 11 12 13 | 13.6
Invocations    | 3 5 6 7 8 |  8.0
Spellcasting   | 4 5 7 9 |  9.9

Action                   |  1- 3 |  4- 6 |  7- 9 | 10-12 | 13-15 | 16-18 || total
-------------------------+-------+-------+-------+-------+-------+-------++-------
Melee: Long sword        |   100 |   122 |   374 |   455 |       |       ||  1051
       Rapier            |       |       |     4 |       |       |       ||     4
       Punch             |       |       |       |     1 |     6 |     1 ||     8
       Great sword       |       |       |       |   122 |   206 |       ||   328
       Hand axe          |       |       |       |     9 |    18 |       ||    27
       Cutlass           |       |       |       |       |   979 |   930 ||  1909
       Triple sword      |       |       |       |       |       |    58 ||    58
 Fire: Fustibalus        |       |       |       |       |    60 |       ||    60
       Hand crossbow     |       |       |       |       |    23 |   258 ||   281
Throw: Tomahawk          |       |       |       |     9 |    15 |       ||    24
 Cast: Infusion          |    22 |    18 |    46 |    66 |   106 |    81 ||   339
       Spectral Weapon   |     3 |     3 |     9 |    14 |    42 |    26 ||    97
       Song of Slaying   |       |     1 |     8 |    19 |    29 |     7 ||    64
       Ozocubu's Armour  |       |       |       |       |     3 |     2 ||     5
       Regeneration      |       |       |       |       |     9 |    37 ||    46
       Steam Barrier     |       |       |       |       |       |     4 ||     4
       Swiftness         |       |       |       |       |       |     1 ||     1
Invok: Heroism           |       |       |       |     5 |    16 |    10 ||    31
       Finesse           |       |       |       |     2 |     9 |     5 ||    16
 Abil: Evoke Ratskin     |       |       |       |       |     5 |       ||     5
Evoke: Wand              |       |       |     7 |     4 |     1 |     3 ||    15
       Lamp of fire      |       |       |       |       |       |     2 ||     2
  Use: Scroll            |       |     2 |     5 |    12 |    14 |     8 ||    41
       Potion            |       |       |     4 |     2 |     5 |     6 ||    17
 Stab: Sleeping          |       |       |     3 |     6 |     2 |       ||    11
       Distracted        |       |       |     1 |       |     9 |     5 ||    15
       Confused          |       |       |     1 |     3 |       |       ||     4
       Petrified         |       |       |       |       |       |     2 ||     2
  Eat: Chunk             |     7 |    11 |    22 |    28 |    52 |    35 ||   155
       Ration            |       |       |     2 |     3 |     5 |     7 ||    17
Armor: Leather armour    |    32 |    10 |    32 |    16 |       |       ||    90
       Ring mail         |       |    11 |    86 |       |       |       ||    97
       Troll leather arm |       |       |       |    41 |       |       ||    41
       Scale mail        |       |       |       |    79 |   209 |       ||   288
       Chain mail        |       |       |       |       |   100 |   376 ||   476
Dodge: Dodged            |    71 |    66 |   207 |   294 |   526 |   859 ||  2023
Block: Other             |       |     3 |    49 |   122 |   345 |   398 ||   917
